Map: Bridgehead LE (Void)

Players

Synaptic

  • Race: Zerg Zerg
  • League: Silver

Javert - Winner!

  • Race: Zerg Zerg
  • League: Platinum

VOD

Have the link to the VOD?

Description

Time

  • Played on: Aug. 16, 2015, 7:22 p.m.
  • Length: 12:03
Show
View Real Time Build Order
Export as new Build Order

Synaptic Zerg 

Build Orders: Pool First 

Get SALT Encoding   

  12  0:01  Drone  
  13  0:09  Drone  
  14  0:17  Overlord  
  14  0:28  Drone, Extractor  
  15  0:41  Spawning Pool  
  14  0:44  Drone  
  14  0:45  Drone  
  16  1:09  Hatchery  
  15  1:16  Drone  
  17  1:18  Drone x2  
  18  1:27  Extractor  
  18  1:28  Zergling x2  
  18  1:33  Queen  
  20  1:42  Zergling x2  
  21  1:58  Zergling x2  
  22  2:16  Overlord  
  22  2:21  Queen  
  24  2:43  Drone x5  
  24  2:44  Drone x5  
  32  2:51  Metabolic Boost  
  36  2:59  Overlord  
  34  3:10  Baneling Nest  
  31  3:22  Drone x4  
  31  3:23  Drone  
  35  3:39  Hatchery  
  35  3:41  Drone x6  
  40  3:53  Zergling x4  
  42  4:01  Zergling x4  
  44  4:06  Overlord x2  
  44  4:25  Baneling x2  
  44  4:26  Baneling x2  
  44  4:28  Lair  
  44  4:31  Extractor  
  43  4:35  Extractor  
  43  4:37  Extractor  
  43  4:38  Drone  
  42  4:39  Zergling x4  
  44  4:52  Drone x5  
  49  4:56  Drone x2  
  51  5:22  Overlord  
  51  5:23  Overlord, Zergling x2  
  51  5:24  Zergling x20  
  59  5:37  Zergling x4  
  59  5:38  Zergling x2  
  62  5:43  Spire  
  58  5:50  Baneling  
  58  5:51  Zergling x4  
  58  5:52  Zergling x12  
  64  6:03  Zergling x4  
  50  6:23  Zergling x16  
  50  6:24  Zergling x2  
  53  6:40  Zergling x6  
  53  6:46  Queen x2  
  56  6:58  Mutalisk  
  56  6:59  Mutalisk x3  
  64  7:08  Overlord  
  64  7:13  Mutalisk  
  66  7:21  Hatchery  
  65  7:26  Mutalisk x2  
  68  7:34  Mutalisk x4  
  76  7:41  Baneling x3  
  75  7:58  Mutalisk x2  
  78  8:33  Drone x4  
  78  8:34  Drone x6  
  87  8:39  Mutalisk  
  88  8:45  Overlord x3  
  88  9:03  Queen  
  88  9:08  Hatchery  
  88  9:09  Drone x6  
  91  9:19  Drone x3  
  94  9:25  Zergling x2  
  94  9:26  Drone x4  
  94  9:27  Drone x3  
  102  9:34  Roach Warren  
  102  9:36  Evolution Chamber  
  102  9:37  Evolution Chamber  
  99  10:14  Extractor  
  94  10:17  Zergling x2, Extractor  
  94  10:18  Drone, Zergling x22  
  94  10:19  Drone  
  105  10:23  Hydralisk Den, Glial Reconstitution  
  103  10:48  Overlord x5  
  97  10:52  Baneling x3  
  97  10:53  Baneling  
  97  10:57  Baneling x2  
  97  10:58  Baneling x7  
  97  11:03  Overlord x3  
Show
View Real Time Build Order
Export as new Build Order

Javert Zerg - Winner!

Build Orders: Pool First 

Get SALT Encoding   

  12  0:01  Drone  
  13  0:09  Drone  
  14  0:16  Extractor  
  14  0:17  Extractor  
  14  0:19  Drone  
  13  0:22  Drone  
  16  0:32  Overlord  
  16  0:38  Extractor  
  15  0:46  Spawning Pool  
  14  0:51  Drone  
  14  0:52  Drone  
  16  1:01  Drone  
  17  1:09  Drone  
  18  1:18  Drone  
  19  1:31  Hatchery  
  18  1:39  Queen  
  20  1:47  Metabolic Boost  
  20  1:53  Overlord  
  20  1:58  Zergling x2  
  21  2:02  Zergling x2  
  22  2:13  Baneling Nest  
  21  2:17  Spine Crawler  
  21  2:19  Zergling x2  
  21  2:23  Drone  
  22  2:30  Zergling x2  
  22  2:36  Queen  
  25  2:52  Drone  
  25  2:53  Drone x4  
  25  2:58  Baneling x3  
  30  3:02  Drone  
  31  3:10  Drone x2  
  32  3:21  Drone x3  
  35  3:37  Roach Warren  
  34  3:45  Overlord x2, Extractor  
  33  3:59  Drone x2  
  33  4:00  Overlord  
  35  4:12  Lair  
  35  4:24  Roach x6  
  39  4:29  Overlord  
  47  4:32  Roach x2  
  51  4:47  Baneling x3  
  51  4:50  Hatchery, Baneling  
  51  4:51  Drone x3  
  51  4:52  Drone  
  54  4:59  Baneling  
  54  5:01  Drone x2  
  54  5:02  Drone  
  57  5:08  Zergling x2  
  57  5:09  Zergling x4  
  60  5:19  Roach x3  
  66  5:23  Overlord  
  65  5:36  Drone x3  
  65  5:37  Overlord x2  
  67  5:51  Overlord x2  
  67  6:14  Glial Reconstitution, Extractor x2  
  67  6:17  Roach x8  
  67  6:18  Evolution Chamber x2  
  78  6:22  Queen  
  73  6:27  Queen  
  67  6:46  Burrow  
  65  6:50  Zerg Missile Weapons Level 1  
  65  6:52  Roach x2  
  65  7:00  Drone  
  65  7:01  Drone x11  
  77  7:12  Baneling x3  
  77  7:13  Baneling x2  
  77  7:18  Baneling  
  77  7:20  Drone x4, Spore Crawler  
  77  7:21  Drone  
  81  7:31  Roach x3  
  87  7:42  Drone x7  
  87  7:43  Drone x2  
  96  7:56  Hydralisk Den  
  96  7:57  Spore Crawler  
  94  7:59  Spore Crawler  
  94  8:01  Spore Crawler  
  94  8:02  Roach x2  
  94  8:03  Spore Crawler, Roach x2  
  94  8:25  Hydralisk x5  
  88  8:38  Spore Crawler  
  88  8:39  Spore Crawler x2  
  88  8:40  Spore Crawler, Drone x10  
  88  8:46  Muscular Augments  
  88  8:47  Spore Crawler  
  87  8:49  Extractor  
  87  8:50  Extractor  
  87  8:52  Overseer  
  85  8:57  Overlord x2  
  85  9:07  Hydralisk x2  
  89  9:26  Hydralisk x2  
  89  9:31  Overlord x2  
  93  9:38  Zerg Ground Armor Level 1  
  93  9:42  Overlord  
  93  9:46  Hydralisk  
  93  9:47  Hydralisk x2  
  93  9:52  Overlord x2  
  99  9:54  Overlord  
  99  9:55  Hatchery, Overlord  
  99  9:59  Roach  
  100  10:00  Roach x5  
  108  10:19  Hydralisk  
  108  10:20  Hydralisk x4  
  118  10:27  Roach  
  118  10:28  Roach x4  
  128  10:33  Zergling x12  
  134  10:53  Hydralisk  
  134  10:54  Hydralisk x3  
  142  10:59  Overlord x3  
  142  11:00  Drone x2  
  142  11:01  Drone x6  
  148  11:20  Hydralisk x7  
  162  12:01  Extractor x2  
  162  12:03  Spine Crawler  
Tags
 
Add a new tag
Caveats
  • Supply blocks, unpowered buildings, or Contaminate may cause inaccurate times.
  • Supply counts are checked every 10 seconds.